 Dungeon Crawl Stone Soup version 0.30-a0-691-g754fce4c43 (webtiles) character file.

Game seed: 8534755701383208468

340 Newt the Skirmisher (level 6, -3/38 HPs)
             Began as a Kobold Hunter on Jan 19, 2023.
             Slain by a bullfrog (6 damage)
             ... in a sewer.
             The game lasted 00:03:54 (3092 turns).

Newt the Skirmisher (Kobold Hunter)                 Turns: 3092, Time: 00:03:54

Health: -3/38      AC:  4    Str:  8    XL:     6   Next: 86%
Magic:  6/6        EV: 13    Int: 11    God:
Gold:   172        SH:  0    Dex: 20    Spells: 5/5 levels left

rFire   . . .      SeeInvis .    a - +1 shortbow (drain)
rCold   . . .      Faith    .    (shield currently unavailable)
rNeg    . . .      Spirit   .    c - +1 leather armour
rPois   .          Reflect  .    (no helmet)
rElec   .          Harm     .    (no cloak)
rCorr   .          Rampage  .    (no gloves)
Will    .....                    (no boots)
Stlth   +++                      p - amulet of regeneration
HPRegen 1.06/turn                (no ring)
MPRegen 0.10/turn                (no ring)

@: flying, constricted
A: small, no large weapons, nightstalker 3
a: no special abilities


You were in a sewer.
You visited 1 branch of the dungeon, and saw 4 of its levels.
You also visited: Sewer.

You collected 172 gold pieces.

Inventory:

Hand Weapons
 a - a +1 shortbow of draining (weapon)
Missiles
 o - a throwing net
Armour
 c - a +1 leather armour (worn)
Jewellery
 e - an amulet of reflection
 p - an amulet of regeneration (around neck)
Wands
 d - a wand of flame (21)
Scrolls
 b - a scroll of immolation
 f - 2 scrolls of identify
 i - a scroll of blinking
 k - 2 scrolls of teleportation
 m - 2 scrolls of fog
 s - a scroll of noise {unknown}
Potions
 g - 3 potions of brilliance
 h - a potion of attraction
 j - a potion of magic
 l - a potion of flight
 n - a potion of heal wounds {unknown}
 q - a potion of degeneration {unknown}
 r - 3 potions of haste {unknown}


   Skills:
 - Level 4.0 Fighting
 - Level 8.0 Ranged Weapons
 + Level 4.1 Dodging
 - Level 3.0 Stealth


You had 5 spell levels left.
You didn't know any spells.
Your spell library was empty.

Dungeon Overview and Level Annotations

Branches:
Dungeon (4/15)              Sewer (1/1)
 Temple: D:4-7

Altars:


Innate Abilities, Weirdness & Mutations

You are small and have problems with some larger weapons.
You are completely attuned to the shadows.


Message History

You kill the adder!
You feel sick.
You are no longer poisoned.
The bullfrog barely misses you. The bullfrog hits you.
The ball python bites you but does no damage.
The adder closely misses you. The ball python barely misses you.
The ball python constricts you. The ball python closely misses you.
The bullfrog hits you. The ball python completely misses you.
The bullfrog barely misses you. The adder bites you.
The ball python closely misses you.
You shoot an arrow. The arrow hits the adder.
You drain the adder.
The adder is severely wounded.
The bullfrog barely misses you. The ball python closely misses you.
The ball python constricts you. The ball python bites you.
The bullfrog hits you but does no damage.
The ball python bites you but does no damage.
The ball python misses you. The adder bites you.
You are poisoned.
The adder poisons you!
The bullfrog hits you but does no damage.
The ball python bites you but does no damage.
The ball python constricts you. The ball python bites you.
You shoot an arrow. The arrow closely misses the adder.
You feel sick.
You are no longer poisoned.
The bullfrog barely misses you.
The ball python bites you but does no damage.
The adder barely misses you. The bullfrog hits you!
* * * LOW HITPOINT WARNING * * *
The ball python barely misses you. The bullfrog misses you.
The ball python bites you but does no damage.
The ball python constricts you.
* * * LOW HITPOINT WARNING * * *
The ball python bites you but does no damage.
The ball python barely misses you. The bullfrog hits you.
* * * LOW HITPOINT WARNING * * *
The adder barely misses you.
It was a potion of flight.
You feel very buoyant.
You fly up into the air.
The bullfrog hits you.
You die...

#≈≈≈~≈~#
#≈≈~~~≈#
#≈≈~≈~~#
#≈~≈~~≈#
##..~.≈#
#≈≈≈~#≈#
#.~(.~≈#
#≈≈~≈~~#
##...~≈#
#≈≈≈~.~#
#~~≈~≈≈#
#≈≈≈~.~#
#~≈~≈≈≈#
#≈≈≈≈~~#
#~~~~≈≈#
#≈≈SF≈≈#
#≈~~~~~#
#≈S@F≈≈#
#≈≈≈~~≈#
#≈SSS≈≈#
#≈≈≈≈~≈#
#≈≈~≈≈~#
#~≈≈≈~~#
#≈≈#~~≈#
#.~.~~.#
#.. .~.#
#......#
#.† ...#
......##
†.....#
.....##


You could see 2 bullfrogs, an adder (very drained) and 4 ball pythons.

Vanquished Creatures
  2 iguanas
  3 gnolls (D:2)
  12 adders
  6 river rats
  3 worms
  6 bats
  6 endoplasms
  A giant cockroach (D:1)
  7 goblins
  10 hobgoblins
  3 kobolds
  4 quokkas
  6 ball pythons
  6 frilled lizards
  36 rats
111 creatures vanquished.

Notes
Turn   | Place    | Note
-------+----------+-------------------------------------------
     0 | D:1      | Newt the Kobold Hunter began the quest for the Orb.
     0 | D:1      | Reached XP level 1. HP: 12/12 MP: 1/1
   140 | D:1      | Reached XP level 2. HP: 17/17 MP: 2/2
   997 | D:2      | Reached XP level 3. HP: 23/23 MP: 3/3
  1193 | D:2      | Reached XP level 4. HP: 29/29 MP: 4/4
  1259 | D:2      | Reached skill level 6 in Ranged Weapons
  1623 | D:2      | Reached XP level 5. HP: 33/33 MP: 5/5
  2353 | D:3      | Found a faded altar of an unknown god.
  2365 | D:3      | Reached skill level 7 in Ranged Weapons
  2755 | D:4      | Reached XP level 6. HP: 38/38 MP: 6/6
  2845 | D:4      | Found a glowing drain.
  2851 | Sewer    | Entered a sewer
  2888 | Sewer    | Reached skill level 8 in Ranged Weapons
  3092 | Sewer    | Slain by a bullfrog

Illustrated notes

Levels and vault maps discovered:
D:1:      dpeg_arrival_arbitrary_b, layout_basic, glass_columns_a,
          minmay_misc_feat_iff
D:2:      layout_loops_ring
D:3:      layout_basic, basic_ecumenical_altar
D:4:      layout_loops_ring, kennysheep_mini_moat,
          minmay_temple_entry_statues_pillars, lightli_sewer_entry_pipes
Sewer:    sewer_minmay_w

Skill      XL: |  1  2  3  4  5  6 |
---------------+-------------------+-----
Stealth        | 2 3 |  3.0
Fighting       | 3 4 |  4.0
Ranged Weapons | 6 7 8 |  8.0
Dodging        | 4 |  4.1

Action                   |  1- 3 |  4- 6 || total
-------------------------+-------+-------++-------
 Fire: Shortbow          |    53 |   170 ||   223
  Use: Scroll            |     5 |     7 ||    12
       Potion            |       |     1 ||     1
Armor: Leather armour    |     1 |    31 ||    32
Dodge: Dodged            |    12 |   129 ||   141
Block: Other             |     1 |     3 ||     4

Table legend: (Time is in decaauts)
 A = Elapsed time spent in this place.
 B = Non-inter-level travel time spent in this place.
 C = Inter-level travel time spent in this place.
 D = Time resting spent in this place.
 E = Time spent auto-exploring this place.
 F = Levels seen in this place.
 G = Mean time per level.
                   A        B        C        D        E       F      G
               +--------+--------+--------+--------+--------+-----+--------+
         Total |   3187 |   3137 |     50 |      0 |   2626 |   5 |  637.4 |
       Dungeon |   2899 |   2849 |     50 |      0 |   2463 |   4 |  724.8 |
         Sewer |    287 |    287 |      0 |      0 |    163 |   1 |  287.0 |
               +--------+--------+--------+--------+--------+-----+--------+

Top non-repeatable levels by time:
     D:1: 988 daAuts
     D:3: 893 daAuts
     D:2: 891 daAuts
   Sewer: 287 daAuts
     D:4: 126 daAuts
